 Dungeon Crawl Stone Soup version 0.32-a0-607-g64ea0e4219 (webtiles) character file.

Game seed: 6840596088461915001

9966 ezpacito the Trooper (level 11, -4/86 HPs)
             Began as a Coglin Chaos Knight on Mar 3, 2024.
             Was a Plaything of Xom.
             Slain by Snorg (8 damage)
             ... on level 10 of the Dungeon.
             The game lasted 00:16:30 (9643 turns).

ezpacito the Trooper (Coglin Chaos Knight)          Turns: 9643, Time: 00:16:31

Health: -4/86      AC: 12    Str: 18    XL:     11   Next: 54%
Magic:  11/17      EV: 17    Int: 13    God:    Xom [..*...]
Gold:   189        SH:  0    Dex: 31    Spells: 2/18 levels left

rFire   . . .        a - +1 hand axe (chaos) {Florimund}
rCold   . . .        g - +3 trident of Abborph {holy, Str+2 Dex+4}
rNeg    . . .        d - +3 ring mail of the Moneychanger {Int+4 Dex+4}
rPois   .            r - +2 hat
rElec   .            h - +0 cloak
rCorr   .            (no gloves)
SInv    +            o - +1 pair of boots
Will    .....        (amulet unavailable)
Stlth   +++          (ring unavailable)
HPRegen 0.34/turn    (ring unavailable)
MPRegen 0.15/turn    (no gizmo)

%: no passive effects
@: about to teleport
A: off-hand wielding, slow wielding, warmup strikes, no jewellery, horns 1, see
invisible, agile 2, deformed body, strong 1, wild magic 1, MP-powered wands
a: Invent Gizmo, Renounce Religion


You were on level 10 of the Dungeon.
You worshipped Xom.
You were a toy of Xom.
You visited 1 branch of the dungeon, and saw 10 of its levels.
You also visited: Sewer.

You collected 638 gold pieces.
You spent 449 gold pieces at shops.

Inventory:

Hand Weapons
 a - a +1 hand axe of chaos (weapon) {Florimund}
 g - the +3 trident of Abborph (offhand) {holy, Str+2 Dex+4}
   (You acquired it on level 6 of the Dungeon)

   Str+2:     It affects your strength (+2).
   Dex+4:     It affects your dexterity (+4).
Missiles
 e - 5 boomerangs
 f - 3 curare-tipped darts
 j - 34 poisoned darts
Armour
 d - the +3 ring mail of the Moneychanger (worn) {Int+4 Dex+4}
   (You found it on level 8 of the Dungeon)

   Int+4:     It affects your intelligence (+4).
   Dex+4:     It affects your dexterity (+4).
 h - a +0 cloak (worn)
 o - a +1 pair of boots (worn)
 r - a +2 hat (worn)
 u - a +0 plate armour
Wands
 s - a wand of charming (4)
Scrolls
 i - 6 scrolls of identify
 l - 2 scrolls of noise
 m - a scroll of immolation
 p - a scroll of torment
 t - a scroll of teleportation
 x - a scroll of silence
Potions
 b - 2 potions of magic
 c - a potion of enlightenment
 k - a potion of attraction
 n - 2 potions of cancellation
 v - a potion of brilliance


   Skills:
 * Level 7.8 Fighting
 * Level 7.8(9.0) Axes
 * Level 6.2(7.8) Polearms
 * Level 6.5 Armour
 * Level 6.2 Dodging
 + Level 4.5 Stealth
 + Level 4.0 Spellcasting
 + Level 1.4 Necromancy
 + Level 1.5 Translocations
 * Level 2.7 Alchemy
 * Level 3.2 Evocations


You had 2 spell levels left.
You knew the following spells:

 Your Spells              Type           Power      Damage    Failure   Level
a - Sting                 Conj/Alch      32%        1d5       28%         1
b - Necrotise             Necr           32%        1d5       26%         1
c - Curse of Agony        Necr           8%         N/A       99%         5
g - Apportation           Tloc           16%        N/A       26%         1
x - Mephitic Cloud        Conj/Alch/Air  6%         N/A       67%         3
z - Lee's Rapid Deconstr  Erth           1%         3d4*      100%        5

Your spell library contained the following spells:

 Spells                   Type           Power      Damage    Failure   Level
 Blink                    Tloc           16%        N/A       36%         2
 Lesser Beckoning         Tloc           16%        N/A       36%         2
 Sublimation of Blood     Necr           8%         N/A       36%         2
 Freeze                   Ice            12%        1d3       43%         1
 Magic Dart               Conj           12%        1d3       43%         1
 Sandblast                Erth           6%         2d5       43%         1
 Summon Small Mammal      Summ           12%        N/A       43%         1
 Momentum Strike          Conj/Tloc      10%        3d8       45%         2
 Call Imp                 Summ           6%         N/A       54%         2
 Call Canine Familiar     Summ           3%         N/A       78%         3
 Dazzling Flash           Conj/Hex       6%         N/A       78%         3
 Frozen Ramparts          Ice            6%         1d1       78%         3
 Hailstorm                Conj/Ice       3%         3d5       78%         3
 Inner Flame              Hex/Fire       3%         N/A       78%         3
 Passwall                 Erth           3%         N/A       78%         3
 Sigil of Binding         Hex            3%         N/A       78%         3
 Stone Arrow              Conj/Erth      6%         3d7       78%         3
 Dimensional Bullseye     Hex/Tloc       2%         N/A       96%         4
 Animate Armour           Summ/Erth      6%         N/A       99%         4
 Brom's Barrelling Bould  Conj/Erth      3%         2d3       99%         4
 Summon Lightning Spire   Summ/Air       3%         N/A       99%         4
 Irradiate                Conj/Alch      4%         3d13      100%        5
 Silence                  Hex/Air        1%         N/A       100%        5
 Summon Hydra             Summ           1%         N/A       100%        7
 Ignition                 Fire           1%         3d3       100%        8


Dungeon Overview and Level Annotations

Branches:
Dungeon (10/15)            Temple (0/1) D:6            Lair (0/5) D:8
    Orc (0/2) D:9           Sewer (visited)

Altars:
Dithmenos
Hepliaklqana
Kikubaaqudgha
Trog
The Shining One

Shops:
D:5 (!   D:9 ?

Annotations:
D:10 Snorg


Innate Abilities, Weirdness & Mutations

You can wield a second weapon in your off-hand.
It takes a long time for you to wield or remove held weapons.
Your first few attacks do less damage.
You cannot equip rings or amulets.
You have a pair of small horns on your head.
You have supernaturally acute eyesight. (SInv)
You are very agile. (Dex +8, Str/Int -2)
Armour fits poorly on your strangely shaped body.
Your muscles are strong. (Str +4, Int/Dex -1)
Your spells are a little harder to cast, but a little more powerful.
You expend magic power (3 MP) to strengthen your wands.


Message History

The wraith hits Urug but does no damage.
Snorg bites Urug but does no damage.
Snorg claws Urug.
Snorg claws Urug but does no damage.
Your ice beast closely misses Snorg.
What are your orders? t - Shout!
Orders for allies: a - Attack new target. p - Attack previous target. r - Retreat! s - Stop attacking. g - Guard the area. f - Follow me.
Anything else - Cancel.
Gang up on whom?
Press: ? - help, Dir - move target, f - Snorg, p - Urug
Aim: Snorg (moderately wounded, berserk, ally target) Attack!
Snorg bites Urug!
Snorg misses Urug.
Snorg closely misses Urug.
Urug misses Snorg.
Snorg bites Urug!!
Snorg closely misses Urug.
Snorg claws Urug!
Your ice beast hits Snorg.
Your ice beast freezes Snorg.
Urug hits Snorg with a +2 scimitar of holy wrath!
The wraith barely misses Urug.
Snorg bites Urug but does no damage.
Snorg barely misses Urug.
Snorg claws Urug.
Your ice beast closely misses Snorg.
Snorg bites Urug!
Urug dies!
Your ice beast hits Snorg.
Your ice beast freezes Snorg!
You closely miss the wraith with the +3 trident of Abborph.
You hit the wraith but do no damage. The wraith misses you.
Snorg bites you but does no damage. Snorg claws you!
* * * LOW HITPOINT WARNING * * *
You emit a cloud of colourful smoke!
Snorg claws you.
* * * LOW HITPOINT WARNING * * *
You take 14 damage, and have 20/86 hp.
As you read the scroll of teleportation, it crumbles to dust.
You feel strangely unstable. The wraith hits you but does no damage.
Snorg closely misses you. Snorg claws you!
* * * LOW HITPOINT WARNING * * *
Snorg claws you but does no damage.
Your ice beast barely misses Snorg.
You take 16 damage, and have 4/86 hp.
Snorg rages.
Snorg attacks as she pursues you! Snorg closely misses you. Snorg claws you!
You die...
Xom roars with laughter!

#..#........ ##..........
####......... ##...#........
#....###..#### ########....#
##.... #...§.§#[...####.....
########....TWY.......#.....
#..........@§§##...##.#.....
#..........#.##.....#,#.....
#.......÷..#.##.....# ,, ,
#.........##.##.....#
#.........##.#......#
#[.)......##.#......#
#.................<##
#................#.#
########...........#


You could see Snorg (berserk, ally target), a wraith and a friendly ice beast
(summoned).

Vanquished Creatures
  An orb spider (D:7)
  A gargoyle (D:10)
  Jeremiah (D:8)
  Maggie (D:8)
  A kobold demonologist (D:9)
  A troll (D:9)
  Prince Ribbit (D:6)
  3 hornets
  Grinder (Sewer)
  18 yaks
  2 wyverns
  2 vampire mosquitoes (D:10)
  Menkaure (D:4)
  An acid dragon (D:10)
  A water moccasin (D:6)
  2 ice beasts
  2 orc warriors (D:9)
  2 black bears
  2 ogres (D:9)
  A centaur (D:10)
  A phantom (Sewer)
  A brain worm (D:9)
  6 kobold brigands
  3 bullfrogs (D:8)
  4 scorpions
  4 gnoll sergeants
  7 wights
  3 jellies
  3 bombardier beetles
  A gnoll bouda (D:7)
  2 hounds (D:4)
  6 orc priests
  3 iguanas
  7 orc wizards
  28 gnolls
  6 adders
  3 shadow imps
  A white imp (D:7)
  7 ufetubi
  2 ribbon worms
  3 dart slugs
  36 orcs
  4 ball pythons
  11 bats
  A bat zombie (Sewer)
  2 endoplasms
  6 giant cockroaches
  2 goblins (D:2)
  3 hobgoblins (D:1)
  10 jackals
  22 kobolds
  12 quokkas
  3 frilled lizards
  2 kobold zombies (Sewer)
  6 rats
266 creatures vanquished.

Vanquished Creatures (collateral kills)
  A centaur (D:10)
  A quokka (D:5)
2 creatures vanquished.

Vanquished Creatures (others)
  Urug (D:10)
  A human (D:9)
  A gnoll zombie (D:3)
3 creatures vanquished.

Grand Total: 271 creatures vanquished

Notes
Turn   | Place    | Note
-------+----------+-------------------------------------------
     0 | D:1      | ezpacito the Coglin Chaos Knight began the quest for the
                  | Orb.
     0 | D:1      | Reached XP level 1. HP: 18/18 MP: 1/1
    83 | D:1      | XOM: divination: detect items
   102 | D:1      | Reached skill level 1 in Dodging
   139 | D:1      | Reached XP level 2. HP: 24/24 MP: 2/2
   184 | D:1      | XOM: silly message
   252 | D:1      | Reached XP level 3. HP: 29/29 MP: 3/3
   421 | D:1      | Found a faded altar of an unknown god.
   843 | D:2      | XOM: give mutation
   843 | D:2      | Gained mutation: You are partially covered in iridescent
                  | scales. (AC +2) [Xom's mischief]
   959 | D:2      | Found a glowing golden altar of the Shining One.
   983 | D:2      | Reached skill level 1 in Polearms
   991 | D:2      | Reached XP level 4. HP: 22/35 MP: 4/4
   995 | D:2      | XOM: noise
  1165 | D:2      | XOM: noise
  1273 | D:2      | XOM: divination: detect items
  1355 | D:3      | Noticed a gnoll sergeant
  1411 | D:2      | XOM: divination: magic mapping
  1469 | D:3      | Reached skill level 1 in Stealth
  1542 | D:3      | Reached XP level 5. HP: 40/41 MP: 6/6
  1677 | D:3      | You fall into a shaft and drop 2 floors!
  1677 | D:5      | Entered Level 5 of the Dungeon
  1689 | D:5      | XOM: cast spell 'Dispersal'
  1692 | D:5      | Lost mutation: You are partially covered in iridescent
                  | scales. (AC +2) [potion of mutation]
  1692 | D:5      | Gained mutation: Your flesh is heat resistant. (rF+)
                  | [potion of mutation]
  1692 | D:5      | Gained mutation: You expend magic power (3 MP) to
                  | strengthen your wands. [potion of mutation]
  1703 | D:5      | Reached skill level 1 in Spellcasting
  1706 | D:5      | Reached XP level 6. HP: 25/48 MP: 7/7
  1799 | D:5      | Noticed a black bear
  1806 | D:5      | XOM: silly message
  1811 | D:5      | Killed a black bear
  2007 | D:5      | XOM: torment (25/48 hp)
  2133 | D:5      | Found Udaanuaw's Antique Weapon Shop.
  2149 | D:4      | Noticed Menkaure
  2159 | D:4      | Killed Menkaure
  2160 | D:4      | Reached XP level 7. HP: 39/54 MP: 7/9
  2429 | D:3      | Found a bloodstained altar of Trog.
  2638 | D:3      | XOM: give mutation
  2638 | D:3      | Gained mutation: You are agile. (Dex +4, Str/Int -1) [Xom's
                  | mischief]
  2911 | D:4      | Found a shadowy altar of Dithmenos.
  3197 | D:4      | XOM: stat loss: -1 Str (10/11)
  3598 | D:5      | Found Roithresi's Distillery.
  3604 | D:5      | Bought a potion of heal wounds for 55 gold pieces
  3604 | D:5      | Bought a potion of attraction for 33 gold pieces
  3604 | D:5      | Bought a potion of cancellation for 88 gold pieces
  3604 | D:5      | Bought a potion of curing for 33 gold pieces
  3620 | D:5      | XOM: give mutations
  3620 | D:5      | Gained mutation: You have hidden genetic defects. [Xom's
                  | mischief]
  3620 | D:5      | Gained mutation: Your spells are a little harder to cast,
                  | but a little more powerful. [Xom's mischief]
  3620 | D:5      | Lost mutation: Your flesh is heat resistant. (rF+) [Xom's
                  | mischief]
  3635 | D:5      | Reached XP level 8. HP: 58/61 MP: 10/10
  3765 | D:5      | XOM: summons 1 hostile demon
  3766 | D:5      | Noticed a ynoxinul
  3935 | D:5      | Gained mutation: You are dopey. (Int -2) [hidden defects]
  4002 | D:5      | XOM: 2-stop teleportation journey
  4095 | D:5      | Reached skill level 5 in Fighting
  4095 | D:5      | Reached skill level 5 in Axes
  4460 | D:6      | XOM: noise
  4480 | D:6      | Identified a scroll of acquirement
  4480 | D:6      | Acquired the +3 trident of Abborph {holy, Str+2 Dex+4}
  4497 | D:6      | Noticed Prince Ribbit
  4499 | D:6      | XOM: confusion
  4514 | D:6      | Killed Prince Ribbit
  4532 | D:6      | Gained mutation: You occasionally lose the ability to drink
                  | potions when taking damage. [hidden defects]
  4532 | D:6      | Lost mutation: You have hidden genetic defects. [hidden
                  | defects expressed]
  4655 | D:6      | XOM: chaos cloud
  4687 | D:6      | XOM: draining
  4692 | D:6      | XOM: give mutations
  4692 | D:6      | Gained mutation: You possess an exceptional clarity of
                  | mind. [Xom's mischief]
  4692 | D:6      | Lost mutation: You occasionally lose the ability to drink
                  | potions when taking damage. [Xom's mischief]
  4692 | D:6      | Lost mutation: You possess an exceptional clarity of mind.
                  | [Xom's mischief]
  4692 | D:6      | Gained mutation: Your spells are harder to cast, but more
                  | powerful. [Xom's mischief]
  4920 | D:6      | Reached XP level 9. HP: 46/65 MP: 12/12
  4920 | D:6      | Found a staircase to the Ecumenical Temple.
  5027 | D:6      | Found a glowing drain.
  5048 | Sewer    | Entered a sewer
  5295 | Sewer    | XOM: fog
  5333 | Sewer    | Found an ancient bone altar of Kikubaaqudgha.
  5337 | Sewer    | Noticed Grinder
  5341 | Sewer    | Paralysed by Grinder for 3 turns
  5343 | Sewer    | XOM: enchant monster (good)
  5344 | Sewer    | XOM: confusion (+ monsters)
  5348 | Sewer    | Killed Grinder
  5379 | Sewer    | XOM: confusion
  5665 | D:6      | XOM: noise
  5728 | D:6      | XOM: give mutations
  5728 | D:6      | Gained mutation: You are very agile. (Dex +8, Str/Int -2)
                  | [Xom's mischief]
  5728 | D:6      | Gained mutation: You occasionally shout uncontrollably at
                  | your foes. [Xom's mischief]
  5728 | D:6      | Gained mutation: You have supernaturally acute eyesight.
                  | (SInv) [Xom's mischief]
  5963 | D:7      | a yak changed into an orb spider
  5963 | D:7      | Noticed an orb spider
  5963 | D:7      | XOM: polymorph yak -> orb spider
  5972 | D:7      | XOM: summons 5 friendly demons
  5984 | D:7      | Killed an orb spider
  5985 | D:7      | Reached skill level 5 in Armour
  6107 | D:7      | Reached XP level 10. HP: 69/77 MP: 14/14
  6339 | D:7      | Reached skill level 5 in Dodging
  6344 | D:7      | Found a glowing golden altar of the Shining One.
  6344 | D:7      | XOM: 3-stop teleportation journey
  6359 | D:7      | XOM: blink monster(s)
  6365 | D:7      | Reached skill level 5 in Polearms
  6426 | D:7      | Lost mutation: Your spells are harder to cast, but more
                  | powerful. [potion of mutation]
  6426 | D:7      | Lost mutation: You are dopey. (Int -2) [potion of mutation]
  6426 | D:7      | Gained mutation: Your muscles are strong. (Str +4, Int/Dex
                  | -1) [potion of mutation]
  6426 | D:7      | Gained mutation: Armour fits poorly on your strangely
                  | shaped body. [potion of mutation]
  6426 | D:7      | Gained mutation: Your system is resistant to poisons.
                  | (rPois) [potion of mutation]
  6624 | D:7      | XOM: silly message
  6814 | D:8      | Identified the +3 ring mail of the Moneychanger {Int+4
                  | Dex+4}
  6863 | D:8      | Lost mutation: Your system is resistant to poisons. (rPois)
                  | [potion of mutation]
  6863 | D:8      | Lost mutation: You occasionally shout uncontrollably at
                  | your foes. [potion of mutation]
  6863 | D:8      | Gained mutation: You have a pair of small horns on your
                  | head. [potion of mutation]
  6890 | D:8      | XOM: stat loss: -1 Str (17/18)
  7018 | D:8      | Found a staircase to the Lair.
  7082 | D:8      | Found a hazy altar of Hepliaklqana.
  7110 | D:8      | XOM: noise
  7124 | D:8      | Noticed Jeremiah
  7125 | D:8      | XOM: confusion (+ monsters)
  7149 | D:8      | XOM: cast spell 'Leda's Liquefaction'
  7171 | D:8      | XOM: confuse monster(s)
  7172 | D:8      | XOM: divination: detect items
  7189 | D:8      | XOM: noise
  7193 | D:8      | XOM: summons friendly ufetubus
  7197 | D:8      | XOM: 1-stop teleportation journey
  7224 | D:8      | Noticed Maggie
  7235 | D:8      | Killed Maggie
  7474 | D:8      | XOM: swap monsters
  7478 | D:8      | Killed Jeremiah
  7755 | D:9      | XOM: 1-stop teleportation journey
  7773 | D:9      | Learned a level 1 spell: Sting
  7775 | D:9      | Learned a level 1 spell: Necrotise
  7779 | D:9      | Learned a level 3 spell: Mephitic Cloud
  7785 | D:9      | Learned a level 5 spell: Curse of Agony
  7791 | D:9      | Learned a level 5 spell: Lee's Rapid Deconstruction
  7793 | D:9      | Learned a level 1 spell: Apportation
  7970 | D:9      | Found Zune's Magic Scroll Shop.
  7986 | D:9      | Bought a scroll of identify for 26 gold pieces
  7986 | D:9      | Bought a scroll of identify for 26 gold pieces
  7986 | D:9      | Bought a scroll of silence for 123 gold pieces
  7986 | D:9      | Bought a scroll of identify for 26 gold pieces
  7986 | D:9      | Bought a scroll of identify for 26 gold pieces
  7986 | D:9      | Bought a scroll of noise for 13 gold pieces
  8099 | D:9      | XOM: summons 6 hostile demons
  8100 | D:9      | Noticed an orange demon
  8243 | D:9      | XOM: enchant monster (bad)
  8246 | D:9      | Paralysed by a hornet for 2 turns
  8250 | D:9      | Reached skill level 1 in Evocations
  8409 | D:9      | Found an ancient bone altar of Kikubaaqudgha.
  8489 | D:9      | XOM: summons 5 hostile demons
  8490 | D:9      | Noticed a rust devil
  8651 | D:9      | Reached skill level 1 in Alchemy
  8692 | D:9      | Noticed a kobold demonologist
  8697 | D:9      | XOM: confusion
  8709 | D:9      | Killed a kobold demonologist
  8710 | D:9      | Reached XP level 11. HP: 46/84 MP: 16/16
  8833 | D:9      | Found a staircase to the Orcish Mines.
  8836 | D:9      | XOM: confuse monster(s)
  8858 | D:9      | XOM: cast spell 'Summon Small Mammal'
  8859 | D:9      | Reached skill level 1 in Necromancy
  9077 | D:10     | XOM: stealth player
  9077 | D:10     | Entered Level 10 of the Dungeon
  9120 | D:10     | Noticed Snorg
  9127 | D:10     | XOM: cast spell 'Summon Ice Beast'
  9136 | D:10     | XOM: noise
  9156 | D:10     | HP: 4/84 [Snorg (11)]
  9195 | D:10     | XOM: silly message
  9403 | D:10     | XOM: divination: magic mapping
  9406 | D:10     | Reached skill level 1 in Translocations
  9434 | D:10     | XOM: silly message
  9441 | D:10     | XOM: summons friendly white imp
  9444 | D:10     | XOM: confuse monster(s)
  9465 | D:10     | HP: 4/86 [acid dragon (2)]
  9615 | D:10     | Noticed Urug
  9632 | D:10     | XOM: cast spell 'Summon Ice Beast'
  9639 | D:10     | Your ally Urug died
  9641 | D:10     | XOM: smoke on damage
  9642 | D:10     | HP: 4/86 [Snorg (16)]
  9643 | D:10     | Slain by Snorg

Illustrated notes

Levels and vault maps discovered:
D:1:      lightli_arrival_quake, layout_basic,
          hellmonk_ecumenical_altar_arch_garden, st_stairs_1,
          palyth_stone_intersect
D:2:      layout_basic, basic_altar, skrybe_limestone_x, minmay_misc_feat_rows,
          kennysheep_generic_room_10
D:3:      layout_basic, general_overflow_altar
D:4:      layout_cave_pods, nicolae_dithmenos_the_darkroom, uniq_menkaure
D:5:      layout_basic, serial_co_window_serial, co_window_paths_b,
          co_window_corner_a, co_window_of_opportunity_a, co_window_paths_b,
          co_window_paths_b, co_window_paths_a, co_window_cross_1,
          co_window_paths_a, co_window_corner_a, co_window_of_opportunity_c,
          co_window_corner_b, co_window_of_opportunity_b, co_window_4corner_b,
          glass_columns_c, glass_columns_a, glass_columns_b, serial_shops, shop,
          kennysheep_mini_moat
D:6:      layout_loops_corners, minmay_temple_entry_crystal_x,
          gup_sewer_entry_pipe, minmay_misc_feat_room, uniq_prince_ribbit1
D:7:      layout_rooms, tso_metal_star, abandoned_shop
D:8:      layout_basic, nicolae_hepliaklqana_hazy_memory, lair_entry_dummy,
          uniq_maggie, uniq_jeremiah
D:9:      layout_basic, tgw_kikubaaqudgha,
          kennysheep_orc_monster_closet_entryway, serial_shops, shop,
          minmay_misc_feat_hallway, minmay_misc_feat_alley,
          hangedman_decor_riveting
D:10:     layout_basic, lemuel_coloured_pillars_altar,
          mainiacjoe_overflow_24_doors, uniq_snorg, uniq_urug

Skill      XL: |  1  2  3  4  5  6  7  8  9 10 11 |
---------------+----------------------------------+-----
Dodging        | 1 2 3 4 5 6 |  6.2
Armour         | 2 3 4 5 6 |  6.5
Polearms       | 1 2 3 4 5 6 |  6.2
Stealth        | 1 2 3 4 |  4.5
Spellcasting   | 1 2 3 4 |  4.0
Axes           | 4 5 6 7 |  7.8
Fighting       | 4 5 6 7 |  7.8
Evocations     | 1 3 |  3.2
Alchemy        | 1 2 |  2.7
Necromancy     | 1 |  1.4
Translocations | 1 |  1.5

Action                     |  1- 3 |  4- 6 |  7- 9 | 10-12 || total
---------------------------+-------+-------+-------+-------++-------
  Melee: Hand axe          |    55 |   101 |   229 |   254 ||   639
         Dagger            |    53 |    92 |   122 |       ||   267
         Trident           |       |       |   109 |   314 ||   423
         Headbutt          |       |       |       |    60 ||    60
   Cast: Necrotise         |       |       |       |     5 ||     5
  Evoke: Wand              |       |       |       |     9 ||     9
    Use: Scroll            |       |     2 |    11 |    12 ||    25
         Potion            |       |     8 |     6 |     6 ||    20
   Stab: Confused          |     1 |       |     5 |    22 ||    28
         Sleeping          |     1 |       |       |     1 ||     2
         Paralysed         |       |       |     3 |       ||     3
         Distracted        |       |       |       |     3 ||     3
 Armour: Leather armour    |    56 |    75 |       |       ||   131
         Chain mail        |       |    37 |   227 |    28 ||   292
         Ring mail         |       |       |       |   159 ||   159
  Dodge: Dodged            |    56 |    78 |   126 |   287 ||   547

Table legend: (Time is in decaauts)
 A = Elapsed time spent in this place.
 B = Non-inter-level travel time spent in this place.
 C = Inter-level travel time spent in this place.
 D = Time resting spent in this place.
 E = Time spent auto-exploring this place.
 F = Levels seen in this place.
 G = Mean time per level.
                   A        B        C        D        E       F      G
               +--------+--------+--------+--------+--------+-----+--------+
         Total |   9596 |   9266 |    330 |    856 |   6244 |  11 |  872.4 |
       Dungeon |   9003 |   8673 |    330 |    856 |   5803 |  10 |  900.3 |
         Sewer |    592 |    592 |      0 |      0 |    440 |   1 |  592.0 |
               +--------+--------+--------+--------+--------+-----+--------+

Top non-repeatable levels by time:
     D:9: 1342 daAuts
     D:5: 1335 daAuts
     D:3: 970 daAuts
     D:8: 944 daAuts
     D:6: 901 daAuts
     D:1: 838 daAuts
     D:4: 823 daAuts
     D:7: 801 daAuts
   Sewer: 592 daAuts
    D:10: 558 daAuts
     D:2: 487 daAuts
